 Dungeon Crawl Stone Soup version 0.22.1-1-ga44c0e56f4 (webtiles) character file.

132 Reeggar the Shield-Bearer (level 4, -6/36 HPs)
             Began as a Demonspawn Fighter on Nov 2, 2018.
             Was a Believer of Cheibriados.
             Killed from afar by Natasha (8 damage)
             ... with a wand of flame (25)
             ... on level 3 of the Dungeon.
             The game lasted 00:12:07 (2779 turns).

Reeggar the Shield-Bearer (Demonspawn Fighter)      Turns: 2779, Time: 00:12:08

Health: -6/36      AC:  7    Str: 26    XL:     4   Next: 92%
Magic:  4/4        EV:  8    Int: 14    God:    Cheibriados [**....]
Gold:   89         SH: 10    Dex: 16    Spells: 3/3 levels left

rFire    . . .     SeeInvis .   a - +0 war axe
rCold    . . .     Gourm    .   c - +0 shield
rNeg     . . .     Faith    .   b - +0 scale mail
rPois    .         Spirit   .   (no helmet)
rElec    .         Reflect  .   (no cloak)
rCorr    .         Harm     .   (no gloves)
MR       .....                  (no boots)
Stlth    ..........             (no amulet)
HPRegen  0.12/turn              (no ring)
MPRegen  0.09/turn              (no ring)

@: mighty, very slow
A: rugged brown scales 1, powered by death 1
a: Bend Time, Renounce Religion


You were on level 3 of the Dungeon.
You worshipped Cheibriados.
Cheibriados was pleased with you.
You were not hungry.

You visited 1 branch of the dungeon, and saw 3 of its levels.

You collected 89 gold pieces.

Inventory:

Hand Weapons
 a - a +0 war axe (weapon)
Armour
 b - a +0 scale mail (worn)
 c - a +0 shield (worn)
Jewellery
 o - a +6 ring of dexterity {unknown}
 q - an uncursed amulet of faith {unknown}
 s - an uncursed ring of protection from fire {unknown}
Scrolls
 e - a scroll of amnesia {unknown}
 f - 4 scrolls of identify {unknown}
 h - 5 scrolls of fog {unknown}
 m - a scroll of remove curse {unknown}
 r - a scroll of magic mapping {unknown}
Potions
 d - 2 potions of might
 i - a potion of invisibility {unknown}
 j - a potion of mutation {unknown}
 k - a potion of agility {unknown}
 l - a potion of curing {unknown}
 n - a potion of resistance {unknown}
 p - a potion of degeneration {unknown}
Comestibles
 g - 3 rations


   Skills:
 + Level 3.3 Fighting
 + Level 2.9 Axes
 + Level 3.3 Armour
 + Level 1.1 Dodging
 + Level 3.5 Shields


You had 3 spell levels left.
You didn't know any spells.
Your spell library was empty.

Dungeon Overview and Level Annotations

Branches:
Dungeon (3/15)

Altars:
Cheibriados
Fedhas
Ru

Annotations:
D:3 Natasha


Innate Abilities, Weirdness & Mutations

You are partially covered in rugged brown scales. (AC +1, +3% HP)
You regenerate a little health from kills.


Message History

You hit the plant. Natasha casts a spell at you. You resist with some effort.
You block Natasha's attack.
You hit Natasha.
Natasha is moderately wounded.
You hit the plant. Natasha claws you.
Natasha zaps a wand.
The puff of flame hits you!
* * * LOW HITPOINT WARNING * * *
Natasha casts a spell at you. The magic dart hits you!
Natasha stares at you and mumbles some strange words.
The magic dart hits you!
* * * LOW HITPOINT WARNING * * *
Natasha zaps a wand.
The puff of flame hits you!
* * * LOW HITPOINT WARNING * * *
You feel very mighty all of a sudden.
Natasha mumbles some strange words.
You feel troubled.
Natasha zaps a wand.
The puff of flame hits you!
You die...

#.#########################
#.PP.....h@...#.......#....
#PPPPP..#####.#.#####.#.###
#PP_PP.##...#.#.#...#.#.#..
#P.PPP.##.#...#.#.#...#.#.#
#.PPP.$.#.#####[#.#####.#.#
#.#.....#....[..#.......#..
.........###################
####..<...


You could see Natasha.

Vanquished Creatures
  Robin (D:2)
  5 adders
  An ooze (D:1)
  2 leopard geckos
  5 giant cockroaches
  14 goblins
  6 hobgoblins
  4 jackals (D:1)
  10 bats
  A frilled lizard (D:2)
  11 kobolds
  8 rats
68 creatures vanquished.

Notes
Turn   | Place    | Note
-------+----------+-------------------------------------------
     0 | D:1      | Reeggar the Demonspawn Fighter began the quest for the Orb.
     0 | D:1      | Reached XP level 1. HP: 18/18 MP: 1/1
   163 | D:1      | Gained mutation: You are partially covered in rugged brown
                  | scales. (AC +1, +3% HP) [demonic ancestry]
   163 | D:1      | Reached XP level 2. HP: 17/24 MP: 2/2
   584 | D:1      | Found a snail-covered altar of Cheibriados.
   595 | D:1      | Became a worshipper of Cheibriados the Contemplative
   821 | D:1      | Reached XP level 3. HP: 26/29 MP: 3/3
  1228 | D:2      | Reached * piety under Cheibriados
  1262 | D:2      | Reached skill level 1 in Dodging
  1756 | D:2      | Noticed Robin
  1760 | D:2      | Gained mutation: You regenerate a little health from kills.
                  | [demonic ancestry]
  1760 | D:2      | Reached XP level 4. HP: 30/36 MP: 4/4
  1765 | D:2      | Killed Robin
  2486 | D:3      | Found a sacrificial altar of Ru.
  2502 | D:3      | Reached ** piety under Cheibriados
  2765 | D:3      | Found a blossoming altar of Fedhas.
  2766 | D:3      | Noticed Natasha
  2779 | D:3      | Killed from afar by Natasha

Skill      XL: |  1  2  3 |
---------------+----------+-----
Shields        | 3 |  3.5
Armour         | 3 |  3.3
Axes           | 2 |  2.9
Dodging        | 1 |  1.1
Fighting       | |  3.3

Action                   |  1- 3 |  4- 6 || total
-------------------------+-------+-------++-------
Melee: War axe           |   124 |    79 ||   203
  Use: Potion            |       |     1 ||     1
  Eat: Ration            |     1 |       ||     1
       Chunk             |       |     1 ||     1
Armor: Scale mail        |   122 |    32 ||   154
Dodge: Dodged            |    67 |    24 ||    91
Block: Shield            |   111 |    55 ||   166
